 Dungeon Crawl Stone Soup version 0.26-a0-652-gafc20e3620 (webtiles) character file.

Game seed: 16305132273087938645

58041 jasper the Fencer (level 14, -3/98 HPs)
             Began as a Demonspawn Brigand on Oct 3, 2020.
             Was a High Priest of Okawaru (penitent).
             Shot with an arrow by a deep elf master archer (12 damage)
             ... created by the fury of Okawaru
             ... on level 9 of the Dungeon.
             The game lasted 00:41:28 (22269 turns).

jasper the Fencer (Demonspawn Brigand)             Turns: 22269, Time: 00:41:28

Health: -3/98      AC: 13    Str: 15    XL:     14   Next: 48%
Magic:  20/20      EV: 12    Int: 16    God:    Okawaru [*]
Gold:   2179       SH:  0    Dex: 18    Spells: 5/13 levels left

rFire    + . .     SeeInvis .   a - +3 great sword (vamp)
rCold    + . .     Faith    .   (shield currently unavailable)
rNeg     . . .     Spirit   .   y - +0 scale mail
rPois    +         Reflect  .   G - +0 helmet {Int+3}
rElec    .         Harm     .   c - +0 cloak
rCorr    .         Rampage  .   h - +0 pair of gloves
MR       +....                  (boots unavailable)
Stlth    ++........             J - amulet of regeneration
HPRegen  0.66/turn              X - ring of poison resistance
MPRegen  0.17/turn              f - ring of protection from cold

@: studying Dodging
A: talons 3, thin skeletal structure 1, demonic guardian 2, fire resistance 1,
flame cloud immunity
a: Renounce Religion


You were on level 9 of the Dungeon.
You worshipped Okawaru.
Okawaru was demanding penance.
You visited 4 branches of the dungeon, and saw 20 of its levels.
You also visited: Ossuary.

You collected 2388 gold pieces.
You spent 209 gold pieces at shops.

Inventory:

Hand Weapons
 a - a +3 vampiric great sword (weapon)
 b - the +9 triple crossbow of Disorder {flame, MR++ Stlth-}
   (Okawaru gifted it to you on level 11 of the Dungeon)

   It causes projectiles fired from it to burn those they strike, causing extra
   injury to most foes and up to half again as much damage against particularly
   susceptible opponents.
   It affects your resistance to hostile enchantments.
   It makes you less stealthy.
 W - a +2 triple sword of freezing
Missiles
 e - 25 poisoned darts (quivered)
 g - 6 atropa-tipped darts
 i - 54 bolts
 u - 9 curare-tipped darts
 K - 4 throwing nets
Armour
 c - a +0 cloak (worn)
 h - a +0 pair of gloves (worn)
 y - a +0 scale mail (worn)
 G - a +0 helmet of intelligence (worn)
 I - a +1 hat of see invisible
Jewellery
 f - a ring of protection from cold (right hand)
 E - an uncursed amulet of the acrobat
 J - an amulet of regeneration (around neck)
 L - a cursed amulet of inaccuracy {unknown}
 Q - an uncursed ring of see invisible
 X - a ring of poison resistance (left hand)
Wands
 j - a wand of enslavement (13)
 l - a wand of flame (3)
 D - a wand of random effects (62)
 Z - a wand of paralysis (13)
Scrolls
 k - 7 scrolls of teleportation
 o - 4 scrolls of immolation
 p - a scroll of vulnerability
 q - a scroll of summoning
 r - 7 scrolls of remove curse
 t - 4 scrolls of fog
 w - a scroll of silence
 A - a scroll of fear
 B - 3 scrolls of magic mapping
 C - 3 scrolls of enchant weapon {unknown}
 O - 3 scrolls of blinking {unknown}
 S - 4 scrolls of enchant armour {unknown}
 V - 3 scrolls of amnesia {unknown}
Potions
 d - a potion of cancellation {unknown}
 n - 4 potions of stabbing
 s - a potion of magic
 v - a potion of lignification {unknown}
 z - 4 potions of haste
 F - 14 potions of curing
 H - 3 potions of resistance {unknown}
 M - a potion of ambrosia {unknown}
 P - 5 potions of flight {unknown}
 R - 3 potions of degeneration {unknown}
 T - 4 potions of might {unknown}
 U - a potion of invisibility
 Y - a potion of mutation {unknown}
Books
 N - a manual of Dodging


   Skills:
 - Level 5.5 Fighting
   Level 1.7(10.2) Short Blades
 - Level 15.0 Long Blades
 - Level 5.0 Crossbows
 - Level 1.7 Throwing
 - Level 11.2 Armour
 - Level 4.8 Dodging
 - Level 3.6 Stealth
 + Level 6.4 Translocations
 - Level 2.9 Transmutations
 - Level 2.9 Air Magic
 - Level 3.0 Earth Magic
 - Level 8.0 Invocations


You had 5 spell levels left.
You knew the following spells:

 Your Spells              Type           Power        Failure   Level
a - Blink                 Tloc           N/A          8%          2
b - Wereblood             Tmut           #.......     32%         2
c - Swiftness             Air            #.......     32%         2
d - Passwall              Tmut/Erth      #.......     32%         2

Your spell library contained the following spells:

 Spells                   Type           Power        Failure   Level
 Beastly Appendage        Tmut           #.....       22%         1
 Sandblast                Erth           #.....       22%         1
 Shock                    Conj/Air       #...         38%         1
 Magic Dart               Conj           #...         58%         1
 Summon Small Mammal      Summ           #...         58%         1
 Call Imp                 Summ           #.......     73%         2
 Slow                     Hex            #.......     73%         2
 Stone Arrow              Conj/Erth      #.....       75%         3
 Spider Form              Tmut/Pois      #.........   77%         3
 Static Discharge         Conj/Air       #.......     77%         3
 Mephitic Cloud           Conj/Pois/Air  #.......     83%         3
 Call Canine Familiar     Summ           #.......     91%         3
 Conjure Flame            Conj/Fire      #.......     91%         3
 Summon Guardian Golem    Hex/Summ       #.......     91%         3
 Airstrike                Air            #.........   91%         4
 Petrify                  Tmut/Erth      #.......     91%         4
 Ice Form                 Ice/Tmut       #.......     99%         4
 Summon Lightning Spire   Summ/Air       #.......     99%         4
 Blade Hands              Tmut           #.........   99%         5
 Lee's Rapid Deconstruct  Erth           #.........   99%         5
 Cause Fear               Hex            #.........   100%        4
 Summon Ice Beast         Ice/Summ       #.......     100%        4
 Lightning Bolt           Conj/Air       #.........   100%        5
 Silence                  Hex/Air        #.........   100%        5
 Yara's Violent Unravell  Hex/Tmut       #.........   100%        5
 Haunt                    Necr/Summ      #.........   100%        7
 Borgnjor's Revivificati  Necr           #.........   100%        8
 Discord                  Hex            #.........   100%        8
 Infestation              Necr           #.........   100%        8
 Necromutation            Tmut/Necr      #.........   100%        8
 Death's Door             Necr           #.........   100%        9


Dungeon Overview and Level Annotations

Branches:
Dungeon (11/15)            Temple (1/1) D:5            Lair (6/6) D:11
 Shoals (0/4) Lair:4        Snake (0/4) Lair:4        Slime (0/5) Lair:6
    Orc (2/2) D:9             Elf (0/3) Orc:2       Ossuary (visited)

Altars:
Ashenzari
Dithmenos
Elyvilon
Fedhas
Hepliaklqana
Kikubaaqudgha
Makhleb
Nemelex Xobeh
Okawaru
Ru
Sif Muna
Trog
Uskayaw
Vehumet
Wu Jian
Xom
Yredelemnul
Zin
The Shining One
Beogh
Jiyva

Shops:
D:4 (   D:6 [   Orc:2 =

Annotations:
D:4 2 transporters, Menkaure
Lair:4 2 runed translucent doors, gressup's ghost, novice DDWr
Orc:2 exclusion: door


Innate Abilities, Weirdness & Mutations

You have claws for feet.
You have a somewhat thin skeletal structure. (Dex +2, Stealth)
A demonic guardian rushes to your aid.
Your flesh is heat resistant. (rF+)
You are immune to clouds of flame.


Message History

The arrow barely misses you.
The arrow disappears in a puff of smoke!
Evoke which item? (* to show all) (? for menu, Esc to quit)
Aiming: Paralyse
Press: ? - help, Shift-Dir - straight line, f/p - deep elf master archer
Aim: a deep elf master archer, wielding a +0 longbow, wearing a +0 leather armour and quivering 39 arrows (durably summoned, chance to defeat MR: 1%)
The deep elf master archer resists with almost no effort.
The deep elf master archer shoots an arrow.
The arrow hits you!
* * * LOW HITPOINT WARNING * * *
The arrow disappears in a puff of smoke!
You feel better.
The deep elf master archer shoots an arrow.
The arrow hits you!
* * * LOW HITPOINT WARNING * * *
The arrow disappears in a puff of smoke!
You feel better.
The deep elf master archer shoots an arrow.
The arrow hits you!
You die...

..#.## ##.#####.#####....#. ..#.#
#.## #.....#'####. ###.# #..#
#............ .[..#
###.####............ ###.#
####.....####.......... ..#.#
#.....8.....#....#####. ..#.#
##...........#....#...#. ..#.#
##.[...[[)......####...#. ..#.#
#..8....@e...8..#.[....#. ..#.#
#[[.............#......#. ..#.#
#[#...........#.#......#. ..#.#
#.#.....8.....#.#......#.
###.#####.####.....####.#......#.
..........# ###........#......#.
#####.###########.......###'####.
....#............................
....#............................


You could see a deep elf master archer.

Vanquished Creatures
  An orc warlord (Orc:2)
  Azrael (Orc:2)
  Josephine (D:11)
  2 hydras
  2 two-headed ogres
  A catoblepas (Lair:4)
  A death yak (Lair:4)
  An orc knight (Orc:1)
  A necromancer (Lair:6)
  An orc sorcerer (Orc:2)
  A cyclops (Orc:1)
  2 elephants (Lair:4)
  4 black mambas
  A torpor snail (Lair:6)
  17 cane toads
  2 komodo dragons (Lair:2)
  A kobold demonologist (D:11)
  A rime drake (Lair:5)
  2 trolls
  A meliai (D:11)
  3 tyrant leeches (Lair:6)
  14 blink frogs (Lair:6)
  5 dream sheep
  5 hippogriffs
  3 wraiths (D:11)
  3 wyverns
  12 yaks
  A vampire (D:11)
  2 fire elementals (Orc:2)
  10 vampire mosquitoes
  2 nagas (Lair:4)
  A warg (Orc:1)
  2 insubstantial wisps (Lair:5)
  9 water moccasins
  11 porcupines
  3 hell hounds (Orc:2)
  A swamp drake (Lair:5)
  An ice beast (D:9)
  22 orc warriors
  2 sky beasts
  3 black bears
  A hornet zombie (D:10)
  11 wolves
  A necrophage (D:9)
  11 ogres
  8 centaurs
  11 crocodiles
  2 big kobolds (D:9)
  17 bullfrogs
  A gnoll sergeant (D:9)
  A water moccasin zombie (D:8)
  2 scorpions
  8 killer bees
  6 howler monkeys
  8 wights
  3 electric eels
  2 bullfrog zombies
  A quasit (D:9)
  15 orc priests
  2 jellies
  2 centaur zombies
  2 hounds
  20 orc wizards
  A bullfrog skeleton (D:6)
  A gnoll shaman (Orc:1)
  An iguana (D:5)
  9 worker ants
  9 hell rats
  3 polar bear simulacra (Lair:6)
  5 yak simulacra (Lair:6)
  2 wolf simulacra (Lair:6)
  A hound zombie (D:6)
  2 hound skeletons
  A mummy (Ossuary)
  A howler monkey zombie (D:8)
  A howler monkey skeleton (D:7)
  9 adders
  13 gnolls
  A shadow imp (D:6)
  A white imp (D:9)
  An ufetubus (D:10)
  3 oozes
  2 adder skeletons
  4 worms
  A dart slug (D:3)
  7 leopard geckos
  72 orcs
  A ball python (D:5)
  6 giant cockroaches
  12 hobgoblins
  11 jackals
  6 quokkas
  7 bats
  5 frilled lizards
  7 goblins
  18 kobolds
  A leopard gecko skeleton (D:5)
  A quokka skeleton (D:4)
  12 rats
  A river rat simulacrum (Lair:6)
533 creatures vanquished.

Vanquished Creatures (collateral kills)
  Gastronok (D:8)
  Donald (Orc:2)
  A stone giant (Orc:1)
  3 hydras
  3 two-headed ogres
  A centaur warrior (Orc:2)
  3 elephants (Lair:4)
  Joseph (D:9)
  6 cane toads
  A komodo dragon (Lair:3)
  A polar bear (Lair:4)
  A troll (D:9)
  3 blink frogs (Lair:6)
  A hippogriff (D:8)
  6 dream sheep
  A wraith (D:11)
  Sigmund (D:6)
  A fire elemental (Orc:2)
  8 yaks
  Grum (D:8)
  A porcupine (Lair:1)
  5 orc warriors
  4 wolves
  A centaur (D:10)
  A crocodile (Lair:5)
  4 bullfrogs
  2 killer bees (D:9)
  A howler monkey (D:2)
  A wight (D:9)
  An orc priest (Orc:2)
  A hound (D:5)
  An orc wizard (D:8)
  An adder (D:9)
  3 orcs
  A kobold (D:3)
  A rat (D:2)
74 creatures vanquished.

Vanquished Creatures (others)
  A fire elemental (Orc:2)
  45 fungi
  106 plants
  A withered plant (Ossuary)
153 creatures vanquished.

Grand Total: 760 creatures vanquished

Notes
Turn   | Place    | Note
-------+----------+-------------------------------------------
     0 | D:1      | jasper the Demonspawn Brigand began the quest for the Orb.
     0 | D:1      | Reached XP level 1. HP: 16/16 MP: 1/1
    15 | D:1      | Reached skill level 1 in Dodging
   299 | D:1      | Gained mutation: A weak demonic guardian rushes to your
                  | aid. [demonic ancestry]
   299 | D:1      | Reached XP level 2. HP: 19/22 MP: 2/2
   557 | D:1      | Reached skill level 1 in Armour
  1023 | D:2      | Reached XP level 3. HP: 28/28 MP: 3/3
  1591 | D:2      | Reached XP level 4. HP: 35/35 MP: 4/4
  2712 | D:2      | Reached skill level 1 in Long Blades
  2712 | D:2      | Gained mutation: Your flesh is heat resistant. (rF+)
                  | [demonic ancestry]
  2712 | D:2      | Reached XP level 5. HP: 27/41 MP: 5/5
  2828 | D:3      | Reached skill level 2 in Long Blades
  3396 | D:3      | Reached skill level 3 in Long Blades
  3613 | D:3      | Reached XP level 6. HP: 45/47 MP: 6/6
  4161 | D:4      | Found a sand-covered staircase.
  4173 | Ossuary  | Entered an ossuary
  4305 | D:4      | Found a transporter.
  4306 | D:4      | Found an ancient bone altar of Kikubaaqudgha.
  4320 | D:4      | Found a transporter.
  4554 | D:4      | Found a basalt altar of Yredelemnul.
  4556 | D:4      | Noticed Menkaure
  4722 | D:4      | Reached skill level 4 in Long Blades
  4772 | D:4      | Found Nunom's Antique Weapon Emporium.
  4871 | D:5      | Entered Level 5 of the Dungeon
  5195 | D:5      | Found a staircase to the Ecumenical Temple.
  5219 | Temple   | Entered the Ecumenical Temple
  5312 | Temple   | Became a worshipper of Warmaster Okawaru
  5339 | D:5      | Reached skill level 5 in Long Blades
  5339 | D:5      | Gained mutation: A demonic guardian rushes to your aid.
                  | [demonic ancestry]
  5339 | D:5      | Reached XP level 7. HP: 52/52 MP: 7/7
  5935 | D:6      | You fall into a shaft and drop 3 floors!
  5935 | D:9      | Noticed a troll
  5940 | D:9      | Killed a troll
  5940 | D:9      | Reached skill level 6 in Long Blades
  6174 | D:9      | Noticed Joseph
  6189 | D:9      | Killed Joseph
  6189 | D:9      | Reached * piety under Okawaru
  6189 | D:9      | Reached skill level 7 in Long Blades
  6189 | D:9      | Gained mutation: You have sharp toenails. [demonic
                  | ancestry]
  6189 | D:9      | Reached XP level 8. HP: 17/58 MP: 8/8
  6689 | D:8      | Reached skill level 8 in Long Blades
  6790 | D:8      | Noticed Gastronok
  6796 | D:8      | Killed Gastronok
  6796 | D:8      | Reached ** piety under Okawaru
  6796 | D:8      | Reached *** piety under Okawaru
  6796 | D:8      | Reached skill level 9 in Long Blades
  6796 | D:8      | Reached XP level 9. HP: 64/64 MP: 9/9
  6818 | D:8      | Reached skill level 10 in Long Blades
  7250 | D:6      | Found Zaf Dag's Antique Armour Shoppe.
  7253 | D:6      | Noticed Sigmund
  7259 | D:6      | Killed Sigmund
  7268 | D:6      | Bought a pair of fine gloves for 209 gold pieces
  7278 | D:6      | Identified the +0 pair of gloves of the Slightly Bent
                  | {-Tele *Slow rElec Str+9} (You bought it in a shop on level
                  | 6 of the Dungeon)
  7348 | D:6      | Reached **** piety under Okawaru
  7487 | D:6      | Found a hazy altar of Hepliaklqana.
  7817 | D:7      | Found a broken altar of Ashenzari.
  7909 | D:7      | Found a white marble altar of Elyvilon.
  8119 | D:7      | Found a blossoming altar of Fedhas.
  8270 | D:8      | Reached skill level 11 in Long Blades
  8277 | D:8      | Noticed Grum
  8291 | D:8      | Killed Grum
  8291 | D:8      | Reached skill level 1 in Invocations
  8351 | D:8      | Found a sacrificial altar of Ru.
  8406 | D:8      | Found a burning altar of Makhleb.
  8408 | D:8      | Found a glowing silver altar of Zin.
  8408 | D:8      | Noticed an angel
  8409 | D:8      | Noticed a green death
  8817 | D:8      | Found a runed translucent door.
  9174 | D:9      | Found a staircase to the Orcish Mines.
  9326 | D:9      | Gained mutation: You are immune to clouds of flame.
                  | [demonic ancestry]
  9326 | D:9      | Reached XP level 10. HP: 61/72 MP: 12/12
  9483 | D:9      | Reached ***** piety under Okawaru
  9483 | D:9      | Received a gift from Okawaru
  9721 | D:9      | Found a bloodstained altar of Trog.
  9851 | D:9      | Learned a level 2 spell: Blink
  9854 | D:9      | Learned a level 2 spell: Wereblood
  9881 | D:10     | Entered Level 10 of the Dungeon
 10320 | D:10     | Noticed a two-headed ogre
 10325 | D:10     | Killed a two-headed ogre
 10546 | D:10     | Reached skill level 5 in Fighting
 10755 | D:10     | Reached skill level 5 in Invocations
 11545 | D:11     | Noticed a two-headed ogre
 11573 | D:11     | Killed a two-headed ogre
 11573 | D:11     | Received a gift from Okawaru
 11574 | D:11     | Got a pitted triple crossbow {god gift}
 11581 | D:11     | Identified the +9 triple crossbow of Disorder {flame, MR++
                  | Stlth-} (Okawaru gifted it to you on level 11 of the
                  | Dungeon)
 11787 | D:8      | Reached skill level 1 in Crossbows
 11888 | D:8      | Found a roughly hewn altar of Beogh.
 12172 | D:11     | Reached XP level 11. HP: 73/80 MP: 17/17
 12193 | D:11     | Found a staircase to the Lair.
 12226 | D:11     | Learned a level 2 spell: Swiftness
 12229 | D:11     | Learned a level 2 spell: Passwall
 12439 | D:11     | Noticed Josephine
 12466 | D:11     | Killed Josephine
 12471 | D:11     | Reached skill level 5 in Crossbows
 12846 | Lair:1   | Entered Level 1 of the Lair of Beasts
 13066 | Lair:1   | Reached ****** piety under Okawaru
 13077 | Lair:1   | Received a gift from Okawaru
 13465 | Lair:2   | Reached skill level 12 in Long Blades
 14712 | Lair:3   | Reached skill level 14 in Long Blades
 14712 | Lair:3   | Gained mutation: You have razor-sharp toenails. [demonic
                  | ancestry]
 14712 | Lair:3   | Reached XP level 12. HP: 86/86 MP: 18/18
 15098 | Lair:4   | Noticed a catoblepas
 15112 | Lair:4   | Killed a catoblepas
 15165 | Lair:4   | Received a gift from Okawaru
 15168 | Lair:4   | Got a transparent triple sword {god gift}
 15169 | Lair:4   | Identified the +0 triple sword of the Eel {protect, +Rage
                  | rC+ MR-} (Okawaru gifted it to you on level 4 of the Lair
                  | of Beasts)
 15247 | Lair:4   | Reached skill level 15 in Long Blades
 15267 | Lair:4   | Found a staircase to the Shoals.
 15391 | Lair:4   | Found a staircase to the Snake Pit.
 15403 | Lair:4   | Reached skill level 5 in Armour
 15517 | Lair:4   | Noticed a death yak
 15526 | Lair:4   | Killed a death yak
 15526 | Lair:4   | Gained mutation: You have claws for feet. [demonic
                  | ancestry]
 15526 | Lair:4   | Reached XP level 13. HP: 84/92 MP: 16/19
 15778 | Lair:4   | Received a gift from Okawaru
 15925 | Lair:4   | Found a large runed translucent door.
 15930 | Lair:4   | Found a large runed translucent door.
 15930 | Lair:4   | Noticed gressup's ghost (novice DDWr)
 16236 | Lair:5   | Received a gift from Okawaru
 17167 | Lair:6   | Entered Level 6 of the Lair of Beasts
 17169 | Lair:6   | Found a viscous altar of Jiyva.
 17251 | Lair:6   | Received a gift from Okawaru
 17251 | Lair:6   | Reached skill level 10 in Armour
 17698 | Lair:6   | Reached skill level 1 in Translocations
 17698 | Lair:6   | Reached skill level 1 in Transmutations
 17698 | Lair:6   | Reached skill level 1 in Air Magic
 17698 | Lair:6   | Reached skill level 1 in Earth Magic
 17906 | Lair:6   | Received a gift from Okawaru
 17928 | Lair:6   | Gained mutation: You have a somewhat thin skeletal
                  | structure. (Dex +2, Stealth) [demonic ancestry]
 17928 | Lair:6   | Reached XP level 14. HP: 91/98 MP: 20/20
 18058 | Lair:6   | Received a gift from Okawaru
 18557 | Lair:6   | Found a staircase to the Slime Pits.
 19101 | Orc:1    | Entered Level 1 of the Orcish Mines
 19638 | Orc:2    | Entered Level 2 of the Orcish Mines
 20184 | Orc:2    | Found a roughly hewn altar of Beogh.
 20239 | Orc:2    | Noticed Azrael
 20265 | Orc:2    | HP: 2/98 [Azrael/damnation (34)]
 20268 | Orc:2    | Killed Azrael
 20346 | Orc:2    | Found a staircase to the Elven Halls.
 20389 | Orc:2    | Noticed Donald
 20393 | Orc:2    | Found a roughly hewn altar of Beogh.
 20402 | Orc:2    | Killed Donald
 21022 | Orc:2    | Noticed an orc warlord
 21313 | Orc:2    | Found a roughly hewn altar of Beogh.
 21315 | Orc:2    | Found Mits's Jewellery Shop.
 21372 | Orc:2    | Found a roughly hewn altar of Beogh.
 21402 | Orc:2    | Was placed under penance by Okawaru
 21416 | Orc:2    | Killed an orc warlord
 21416 | Orc:2    | Reached skill level 5 in Translocations
 21474 | Orc:2    | Found a roughly hewn altar of Beogh.
 21530 | Orc:2    | Noticed a stone giant
 22136 | Orc:1    | Noticed an orc warlord
 22254 | Orc:1    | Killed a stone giant
 22264 | Orc:1    | Noticed a deep elf master archer
 22264 | Orc:1    | Noticed an orc warlord
 22267 | D:9      | HP: 4/98 [deep elf master archer/arrow[the fury of Okawaru]
                  | (12)]
 22269 | D:9      | Shot with an arrow by a deep elf master archer

Illustrated notes

Levels and vault maps discovered:
D:1:      dpeg_arrival_ternary, layout_loops_ring, minmay_misc_feat_nine_boxes
D:2:      layout_basic, roderic_serpentine_path, minmay_misc_feat_secret_circle,
          minmay_door_square
D:3:      layout_loops_corners, kennysheep_generic_room_2
D:4:      layout_loops_ring, gammafunk_temple_of_torment, serial_shops,
          nicolae_shop_crystal, nicolae_ossuary_entry_ruins,
          hangedman_abyss_or_decor_lesser_grid, patterned_corridor
D:5:      layout_loops_ring, minmay_temple_entry_slanted
D:6:      layout_layer_cave, lemuel_round_altar, serial_shops,
          nicolae_shop_stone, hangedman_decor_riveting, uniq_sigmund
D:7:      layout_cave_pools, lemuel_doored_altar, lemuel_round_altar,
          lemuel_round_altar, uniq_menkaure
D:8:      layout_basic, grunt_temple_overflow_order_and_chaos_2,
          nicolae_ru_great_annihilating_truth, zaba_anthole,
          lightli_church_of_beogh, uniq_gastronok, uniq_grum
D:9:      layout_irregular_city, lemuel_coloured_pillars_altar, david_orc_2,
          corexii_checkpoint_a, uniq_joseph
D:10:     layout_layer_cave
D:11:     kennysheep_windowed_halls, layout_irregular_city, lair_entry_dummy,
          uniq_josephine
Temple:   hc_temple_tempest_star
Lair:1:   layout_big_grid, infiniplex_staircase_pool
Lair:2:   layout_cave_pods, lemuel_fruit_fields, grunt_megastairs_4
Lair:3:   layout_roguey, chequers_serial_rivers_small_3
Lair:4:   layout_misc_corridors, minmay_shoals_entry_centaurs,
          guppyfry_snake_entry_garden, ebering_ghost_disaster_area,
          nicolae_lair_yak_garden
Lair:5:   layout_roguey, cheibrodos_lair_caveside_slide, pond,
          grunt_megastairs_5
Lair:6:   minmay_lair_end_frog_pond, layout_small_grid, slime_altar_1,
          nicolae_volcano_entry_s_turn, eino_house_with_fridge
Orc:1:    lemuel_ogre_cave, layout_caves
Orc:2:    grunt_orc_community_town_hall, layout_diamond_mine,
          grunt_orc_community_big_house_2, grunt_orc_community_big_house_1,
          grunt_orc_community_house_2, grunt_orc_community_house_3,
          grunt_orc_community_house_1, grunt_orc_community_house_1,
          grunt_orc_community_house_2, basic_altar, uniq_donald, uniq_azrael

Skill      XL: |  1  2  3  4  5  6  7  8  9 10 11 12 13 14 |
---------------+-------------------------------------------+-----
Dodging        | 1 2 3 4 |  4.8
Armour         | 1 2 3 4 5 11 | 11.2
Fighting       | 3 4 5 |  5.5
Long Blades    | 1 3 5 7 9 11 14 15 | 15.0
Invocations    | 3 8 |  8.0
Crossbows      | 3 5 |  5.0
Translocations | 1 6 |  6.4
Transmutations | 1 2 |  2.9
Air Magic      | 1 2 |  2.9
Earth Magic    | 1 3 |  3.0
Short Blades   | |  1.7
Throwing       | |  1.7
Stealth        | |  3.6

Action                   |  1- 3 |  4- 6 |  7- 9 | 10-12 | 13-15 || total
-------------------------+-------+-------+-------+-------+-------++-------
Melee: Dagger            |   107 |    60 |       |       |       ||   167
       Falchion          |       |   161 |   267 |   342 |     4 ||   774
       Flail             |       |     7 |       |       |       ||     7
       Kick              |       |       |    65 |   117 |   199 ||   381
       Punch             |       |       |       |     2 |       ||     2
       Great sword       |       |       |       |    11 |   570 ||   581
 Fire: Triple crossbow   |       |       |       |    83 |   137 ||   220
Throw: Dart              |    25 |    36 |     6 |    25 |     7 ||    99
       Stone             |     1 |       |       |       |       ||     1
Invok: Heroism           |       |       |     2 |     9 |    11 ||    22
       Finesse           |       |       |       |     3 |     5 ||     8
Evoke: Wand              |       |       |       |     5 |    22 ||    27
  Use: Potion            |     2 |     1 |     2 |     3 |     5 ||    13
       Scroll            |       |       |       |    14 |     8 ||    22
 Stab: Sleeping          |     5 |     4 |     1 |       |       ||    10
       Paralysed         |       |       |     1 |       |       ||     1
       Invisible         |       |       |       |     3 |       ||     3
       Petrified         |       |       |       |     1 |       ||     1
       Distracted        |       |       |       |       |     4 ||     4
Armor: Robe              |    20 |       |       |       |       ||    20
       Leather armour    |     3 |    62 |       |       |       ||    65
       Scale mail        |       |    58 |   100 |   138 |   204 ||   500
Dodge: Dodged            |    55 |   162 |   132 |   191 |   345 ||   885
Block: Buckler           |       |       |    20 |    25 |       ||    45
       Rpst.: Falchion   |       |    33 |    39 |    39 |       ||   111
       Great sword       |       |       |       |     2 |    78 ||    80

Table legend: (Time is in decaauts)
 A = Elapsed time spent in this place.
 B = Non-inter-level travel time spent in this place.
 C = Inter-level travel time spent in this place.
 D = Time resting spent in this place.
 E = Time spent auto-exploring this place.
 F = Levels seen in this place.
 G = Mean time per level.
                   A        B        C        D        E       F      G
               +--------+--------+--------+--------+--------+-----+--------+
         Total |  22187 |  21122 |   1065 |   3227 |  13793 |  21 | 1056.5 |
       Dungeon |  12898 |  12218 |    680 |   1557 |   8533 |  11 | 1172.5 |
        Temple |    111 |     95 |     16 |      0 |     88 |   1 |  111.0 |
          Lair |   6156 |   5912 |    244 |    520 |   4248 |   6 | 1026.0 |
  Orcish Mines |   2991 |   2867 |    124 |   1149 |    920 |   2 | 1495.5 |
       Ossuary |     28 |     28 |      0 |      0 |      3 |   1 |   28.0 |
               +--------+--------+--------+--------+--------+-----+--------+

Top non-repeatable levels by time:
     D:9: 1832 daAuts
     D:2: 1792 daAuts
  Lair:6: 1759 daAuts
   Orc:2: 1511 daAuts
   Orc:1: 1480 daAuts
     D:3: 1406 daAuts
     D:8: 1330 daAuts
    D:11: 1317 daAuts
    D:10: 1246 daAuts
  Lair:2: 1125 daAuts
  Lair:4: 1122 daAuts
  Lair:5: 1034 daAuts
     D:1: 932 daAuts
     D:5: 930 daAuts
     D:6: 831 daAuts
